AoeStats
← Zé Gui

Fortress

510180691Analyzed
4v4 RM · 2d ago on Sep 29, 2026· 47m 58s· 8 players
Game mode
Random Map
Map size
Huge
Population
200
Speed
Normal
Resources
Standard
Victory
Conquest
Starting age
Dark Age
Ending age
Imperial Age
RankedLock teamsTeams togetherTeam positionsShared explorationLock speedFull tech treeHidden civsTurbo modeCheats
Victory
Defeat
🇮🇳 Chinese · India
1243
+13
🇧🇷 Celts · Brazil
1210
+15
🇳🇿 Romans · New Zealand
1185
+16
🇨🇱 Wu · Chile
1142
+17
🇩🇪 Teutons · Germany
1230
-17
🇵🇹 Franks · Portugal
1177
-15
🇫🇷 Khmer · France
1167
-15
🇨🇿 Celts · Czechia
1140
-14
senninha
7:35 Feudal Age
8:06 Double-Bit Axe
8:21 Horse Collar
12:20 Castle Age
11:06 Gold Mining
11:04 Loom
11:06 Town Watch
12:05 Wheelbarrow
13:07 Heavy Plow
13:43 Bow Saw
18:17 Hand Cart
19:05 Ballistics
22:30 Imperial Age
20:40 Gold Shaft Mining
24:29 Chemistry
25:18 Onager
28:05 Town Patrol
33:57 Stone Mining
35:00 Double Crossbow
35:21 Conscription
35:25 Heavy Scorpion
37:54 Masonry
Zé Gui
8:16 Feudal Age
12:27 Castle Age
10:38 Scale Mail Armor
10:50 Double-Bit Axe
11:40 Loom
12:24 Forging
17:42 Chain Mail Armor
19:19 Iron Casting
21:57 Fletching
23:05 Gold Mining
24:24 Bodkin Arrow
27:14 Imperial Age
24:50 Stone Mining
27:16 Wheelbarrow
27:23 Caravan
27:26 Elite Throwing Axeman
28:45 Plate Mail Armor
29:54 Blast Furnace
33:00 Conscription
36:23 Fortified Wall
37:16 Ballistics
37:58 Chemistry
38:11 Masonry
37:57 Murder Holes
38:30 Husbandry
37:51 Cavalier
39:09 Scale Barding Armor
40:11 Chain Barding Armor
39:52 Paladin
Prekvapko, tu Hanz
0:31 Loom
8:02 Feudal Age
12:40 Castle Age
10:30 Double-Bit Axe
10:48 Horse Collar
21:36 Scale Mail Armor
24:21 Wheelbarrow
29:03 Forging
35:04 Imperial Age
32:34 Gold Mining
33:05 Bow Saw
32:58 Heavy Plow
32:50 Stone Mining
33:26 Chain Mail Armor
34:33 Stone Shaft Mining
35:11 Town Watch
35:13 Arson
35:41 Onager
37:03 Fortified Wall
37:30 Masonry
43:17 Ballistics
_MCA_max1336
7:11 Feudal Age
8:27 Double-Bit Axe
8:27 Horse Collar
12:06 Castle Age
10:25 Double-Bit Axe
10:51 Loom
13:22 Bow Saw
13:31 Heavy Plow
19:00 Wheelbarrow
19:03 Scale Mail Armor
20:33 Forging
20:44 Squires
22:31 Hand Cart
22:42 Gold Mining
23:20 Arson
25:03 Chain Mail Armor
25:24 Iron Casting
29:37 Imperial Age
26:53 Town Watch
28:03 Stone Mining
29:05 Fletching
30:13 Ironclad
30:01 Elite Teutonic Knight
31:04 Conscription
31:18 Plate Mail Armor
31:41 Crop Rotation
32:34 Blast Furnace
31:04 Capped Ram
32:22 Bodkin Arrow
34:20 Hoardings
35:46 Onager
38:12 Chemistry
37:49 Caravan
37:52 Siege Onager
40:00 Padded Archer Armor
Xavier
8:30 Feudal Age
8:58 Horse Collar
9:05 Double-Bit Axe
13:35 Castle Age
13:53 Fletching
14:31 Heavy Plow
14:43 Bow Saw
21:05 Imperial Age
19:50 Loom
20:44 Wheelbarrow
19:54 Town Watch
22:04 Scale Barding Armor
22:09 Forging
22:39 Conscription
22:51 Bloodlines
22:41 Husbandry
24:33 Town Patrol
25:32 Hand Cart
26:23 Chain Barding Armor
26:38 Iron Casting
27:06 Iron Casting
28:10 Heavy Hei Guang Cavalry
30:44 Plate Barding Armor
31:32 Blast Furnace
35:44 Sitting Tiger
40:30 Chemistry
vem mama uvinha
8:12 Feudal Age
11:45 Castle Age
11:00 Horse Collar
11:05 Double-Bit Axe
11:13 Gold Mining
29:02 Bow Saw
33:55 Imperial Age
32:43 Wheelbarrow
31:55 Loom
34:01 Heavy Scorpion
34:45 Caravan
36:52 Hand Cart
37:07 Conscription
37:43 Furor Celtica
38:55 Onager
40:49 Siege Engineers
41:30 Siege Onager
[OTM]thebearjew
4:35 Loom
7:00 Feudal Age
9:40 Double-Bit Axe
10:33 Wheelbarrow
12:54 Castle Age
11:21 Horse Collar
14:18 Hand Cart
14:17 Bow Saw
14:09 Heavy Plow
19:30 Man-at-Arms
20:11 Squires
21:38 Long Swordsman
22:23 Scale Mail Armor
22:34 Forging
23:34 Chain Mail Armor
27:16 Imperial Age
27:19 Ballistics
28:09 Ballistas
28:27 Conscription
29:17 Chemistry
28:55 Iron Casting
29:00 Siege Engineers
29:57 Heavy Scorpion
30:46 Capped Ram
31:39 Pikeman
31:40 Legionary
33:32 Comitatenses
32:44 Halberdier
35:33 Murder Holes
35:48 Masonry
35:49 Fortified Wall
46:23 Crop Rotation
46:57 Blast Furnace
45:48 Fletching
45:58 Padded Archer Armor
46:18 Siege Ram
47:40 Caravan
AztecKiller2427
0:30 Loom
8:56 Feudal Age
9:42 Double-Bit Axe
9:46 Horse Collar
12:50 Castle Age
13:39 Fletching
13:50 Padded Archer Armor
14:05 Bow Saw
22:53 Wheelbarrow
23:01 Ballistics
22:51 Bodkin Arrow
23:12 Leather Archer Armor
23:32 Heavy Plow
24:12 Hand Cart
29:10 Imperial Age
28:03 Gold Mining
30:08 Elite Fire Lancer
32:39 Scale Mail Armor
32:50 Forging
32:40 Bracer
33:10 Ring Archer Armor
33:34 Conscription
32:39 Pikeman
33:20 Squires
33:22 Town Watch
35:13 Chemistry
34:34 Chain Mail Armor
34:55 Iron Casting
34:53 Caravan
35:36 Elite Chu Ko Nu
35:48 Capped Ram
36:41 Heavy Rocket Cart
38:15 Plate Mail Armor
37:40 Siege Ram
38:34 Arson
40:02 Rocketry
40:48 Fortified Wall
40:48 Masonry
43:25 Coinage
46:47 Blast Furnace
Connection lost

Rejoining the realm…

Still unreachable

The connection could not be restored.

Session expired

The server has moved on; the page needs a fresh start.